 Dungeon Crawl Stone Soup version 0.22.1-5-g62c59d919a (webtiles) character file.

443 Forgol the Firebug (level 7, -4/36 HPs)
             Began as a Gargoyle Fire Elementalist on Jan 11, 2019.
             Shot with an arrow by a centaur (6 damage)
             ... on level 8 of the Dungeon.
             The game lasted 00:24:28 (6077 turns).

Forgol the Firebug (Gargoyle Fire Elementalist)     Turns: 6077, Time: 00:24:28

Health: -4/36      AC:  9    Str: 11    XL:     7   Next: 2%
Magic:  10/10      EV: 12    Int: 18    God:
Gold:   253        SH:  0    Dex: 10    Spells: 6/10 levels left

rFire    . . .     SeeInvis .   y - +0 falchion
rCold    . . .     Gourm    .   (no shield)
rNeg     + . .     Faith    .   a - +0 robe
rPois    ∞         Spirit   .   (no helmet)
rElec    +         Reflect  .   b - +0 cloak
rCorr    .         Harm     .   n - +0 pair of gloves
MR       .....                  x - +0 pair of boots
Stlth    ++........             (no amulet)
HPRegen  0.12/turn              (no ring)
MPRegen  0.12/turn              (no ring)

@: no status effects
A: negative energy resistance 1, electricity resistance, unbreathing,
petrification resistance, rot immunity, AC +4
a: no special abilities


You were on level 8 of the Dungeon.
You were not hungry.

You visited 1 branch of the dungeon, and saw 6 of its levels.

You collected 253 gold pieces.

Inventory:

Hand Weapons
 f - a +0 short sword
 p - a +0 trident
 y - a +0 falchion (weapon)
Armour
 a - a +0 robe (worn)
 b - a +0 cloak (worn)
 k - a +4 ring mail
 n - a +0 pair of gloves (worn)
 x - a +0 pair of boots (worn)
Jewellery
 A - a +5 ring of intelligence {unknown}
Wands
 r - a wand of iceblast (13)
Scrolls
 e - 4 scrolls of identify
 g - a scroll of enchant armour {unknown}
 i - 3 scrolls of remove curse
 o - a scroll of fog
 s - a scroll of blinking
 w - a scroll of teleportation {unknown}
 B - a scroll of magic mapping {unknown}
Potions
 d - 7 potions of curing
 h - a potion of heal wounds {unknown}
 j - 3 potions of degeneration {unknown}
 l - 2 potions of brilliance {unknown}
 m - 2 potions of mutation {unknown}
 q - 2 potions of magic {unknown}
 t - a potion of flight {unknown}
 u - a potion of invisibility {unknown}
 v - a potion of cancellation {unknown}
Comestibles
 c - 5 rations
 z - 3 chunks of flesh


   Skills:
 - Level 1.5 Dodging
 - Level 2.1 Stealth
 - Level 2.0 Spellcasting
 + Level 5.2 Conjurations
 + Level 5.9 Fire Magic


You had 6 spell levels left.
You knew the following spells:

 Your Spells              Type           Power        Failure   Level  Hunger
a - Flame Tongue          Conj/Fire      ###..        1%          1    #......
b - Conjure Flame         Conj/Fire      ###.....     5%          3    ###....

Your spell library contained the following spells:

 Spells                   Type           Power        Failure   Level  Hunger
 Throw Flame              Conj/Fire      ###...       2%          2    ###....
 Inner Flame              Hex/Fire       ##......     16%         3    ###....
 Sticky Flame             Conj/Fire      ###.....     19%         4    #####..
 Fireball                 Conj/Fire      ###.......   45%         5    ######.


Dungeon Overview and Level Annotations

Branches:
Dungeon (5/15)
 Temple: D:4-7

Altars:
Hepliaklqana
Qazlal
Zin


Innate Abilities, Weirdness & Mutations

You are resistant to torment.
Your stone body is resilient. (AC +4)
You are immune to poison.
You resist negative energy. (rN+)
You are resistant to electric shocks. (rElec)
You can survive without breathing.
You are immune to petrification.
You are immune to rotting.


Message History

The arrow completely misses you.
You see here an arrow.
The centaur shoots an arrow.
The arrow hits you.
You see here an arrow.
The centaur shoots an arrow.
The arrow hits you.
You see here an arrow.
The centaur shoots an arrow.
The arrow closely misses you.
The centaur shoots an arrow.
The arrow hits you but does no damage.
You see here an arrow.
The centaur shoots an arrow.
The arrow hits you.
You see here an arrow.
The centaur shoots an arrow.
The arrow hits you.
The centaur shoots an arrow.
The arrow hits you!
* * * LOW HITPOINT WARNING * * *
You see here 2 arrows.
The centaur shoots an arrow.
The arrow hits you.
* * * LOW HITPOINT WARNING * * *
You see here an arrow.
The centaur shoots an arrow.
The arrow hits you.
You die...

.............(..
............c...(###..
...........>......+..
...............###..
#..............# ..
#..............# ..
#..............# ..
#...........(..# ..
#..@...........#
#.........(#####
#....(((((.#
####.......# #.......#
#.......# #.......#
#.......# #########


You could see a centaur.

Vanquished Creatures
  A phantom (D:4)
  A hound (D:4)
  4 worker ants
  A mummy (D:4)
  6 adders
  2 gnolls (D:2)
  A shadow imp (D:4)
  3 oozes
  2 adder skeletons (D:4)
  6 worms
  A dart slug (D:2)
  A leopard gecko (D:3)
  9 orcs
  5 bats
  2 giant cockroaches (D:4)
  4 goblins
  11 hobgoblins
  15 jackals
  3 quokkas
  A ball python (D:2)
  9 frilled lizards
  2 hobgoblin zombies (D:4)
  5 kobolds
  2 kobold zombies (D:4)
  A quokka zombie (D:4)
  10 rats
108 creatures vanquished.

Notes
Turn   | Place    | Note
-------+----------+-------------------------------------------
     0 | D:1      | Forgol the Gargoyle Fire Elementalist began the quest for
                  | the Orb.
     0 | D:1      | Reached XP level 1. HP: 10/10 MP: 3/3
   397 | D:1      | Reached XP level 2. HP: 15/15 MP: 0/5
  1014 | D:1      | Reached XP level 3. HP: 14/19 MP: 1/6
  1092 | D:1      | Learned a level 3 spell: Conjure Flame
  1982 | D:2      | Reached XP level 4. HP: 24/24 MP: 4/7
  2096 | D:2      | Found a hazy altar of Hepliaklqana.
  3109 | D:2      | Reached XP level 5. HP: 28/28 MP: 8/8
  4181 | D:3      | Found a glowing silver altar of Zin.
  4211 | D:4      | Noticed a phantom
  4567 | D:4      | Reached skill level 5 in Fire Magic
  4872 | D:4      | Reached XP level 6. HP: 28/32 MP: 4/9
  5015 | D:4      | Killed a phantom
  5134 | D:4      | Reached skill level 5 in Conjurations
  5949 | D:4      | Found a stormy altar of Qazlal.
  5976 | D:5      | Entered Level 5 of the Dungeon
  6021 | D:5      | Reached XP level 7. HP: 36/36 MP: 6/10
  6050 | D:5      | You fall through a shaft for 3 floors!
  6077 | D:8      | Shot with an arrow by a centaur

Skill      XL: |  1  2  3  4  5  6 |
---------------+-------------------+-----
Conjurations   | 2 3 4 5 |  5.2
Fire Magic     | 4 5 |  5.9
Dodging        | |  1.5
Stealth        | |  2.1
Spellcasting   | |  2.0

Action                   |  1- 3 |  4- 6 |  7- 9 || total
-------------------------+-------+-------+-------++-------
Melee: Unarmed           |    25 |       |       ||    25
       Short sword       |    63 |   140 |       ||   203
       Falchion          |       |     2 |       ||     2
 Cast: Flame Tongue      |    45 |   124 |       ||   169
       Conjure Flame     |     1 |     8 |       ||     9
  Use: Scroll            |       |     7 |       ||     7
 Stab: Sleeping          |       |     2 |       ||     2
       Distracted        |       |     1 |       ||     1
  Eat: Chunk             |     4 |    13 |       ||    17
       Ration            |       |     1 |       ||     1
Armor: Robe              |    51 |    86 |     2 ||   139
Dodge: Dodged            |    74 |   163 |     3 ||   240
       Rpst.: Falchion   |       |     2 |       ||     2
